 Dungeon Crawl Stone Soup version 0.30-a0-159-g068b764562 (webtiles) character file.

Game seed: 11405155073068497669

5866 Hubris850 the Severer (level 10, -5/78 HPs)
             Began as a Hill Orc Monk on Sept 27, 2022.
             Was a Believer of Nemelex Xobeh.
             Slain by a komodo dragon (21 damage)
             ... on level 9 of the Dungeon.
             The game lasted 00:25:21 (8740 turns).

Hubris850 the Severer (Hill Orc Monk)               Turns: 8740, Time: 00:25:22

Health: -5/78      AC: 16    Str: 19    XL:     10   Next: 81%
Magic:  25/25      EV:  9    Int: 10    God:    Nemelex Xobeh [**....]
Gold:   646        SH:  0    Dex: 15    Spells: 9/9 levels left

rFire   . . .      SeeInvis +    y - +1 battleaxe (vorpal)
rCold   . . .      Faith    .    (shield currently unavailable)
rNeg    + . .      Spirit   .    B - +0 chain mail of Lotradi {rN+}
rPois   .          Reflect  .    p - +1 helmet
rElec   .          Harm     .    (no cloak)
rCorr   .          Rampage  .    d - +1 pair of gloves of Love and Death {Regen+ Dex+2 Slay+2}
Will    .....                    t - +2 pair of boots {Fly}
Stlth   ..........               (no amulet)
HPRegen 1.03/turn                e - ring of magical power
MPRegen 0.19/turn                k - ring of see invisible

@: flying, studying Ice Magic
A: no striking features
a: Renounce Religion, Draw Escape, Draw Destruction, Draw Summoning


You were on level 9 of the Dungeon.
You worshipped Nemelex Xobeh.
Nemelex Xobeh was pleased with you.
You visited 2 branches of the dungeon, and saw 10 of its levels.
You also visited: Bailey.

You collected 863 gold pieces.
You spent 217 gold pieces at shops.

Inventory:

Hand Weapons
 a - a +0 hand axe
 h - a +4 whip
 y - a +1 vorpal battleaxe (weapon)
Missiles
 w - 16 boomerangs (quivered)
 x - 6 poisoned darts
 F - 2 curare-tipped darts
Armour
 b - a +0 robe
 d - the +1 pair of gloves of Love and Death (worn) {Regen+ Dex+2 Slay+2}
   (You acquired it on level 8 of the Dungeon)

   Dex:       It affects your dexterity (+2).
   Slay:      It affects your accuracy & damage with ranged weapons and melee
   (+2).
   Regen:     It increases your rate of health regeneration.
 g - a +1 ring mail of fire resistance
 p - a +1 helmet (worn)
 q - a +0 pair of gloves
 s - a +0 pair of boots
 t - a +2 pair of boots of flying (worn)
 B - the +0 chain mail of Lotradi (worn) {rN+}
   (You found it on level 5 of the Dungeon)

   rN:        It protects you from negative energy.
 K - a +0 crystal plate armour
Magical Staves
 i - a staff of death
Jewellery
 e - a ring of magical power (left hand)
 k - a ring of see invisible (right hand)
 I - a ring of ice
Wands
 D - a wand of quicksilver (4)
Scrolls
 f - a scroll of vulnerability
 l - 4 scrolls of fog
 o - a scroll of amnesia
 u - a scroll of silence
 E - 3 scrolls of poison
 J - a scroll of immolation {unknown}
Potions
 c - a potion of ambrosia
 j - a potion of cancellation {unknown}
 m - 2 potions of lignification
 n - 2 potions of attraction
 r - 6 potions of flight
 v - 3 potions of might
 A - a potion of curing {unknown}
 C - 3 potions of heal wounds
 G - 2 potions of brilliance
 H - a potion of haste
Miscellaneous
 z - a box of beasts


   Skills:
 - Level 4.0 Fighting
 + Level 17.0 Axes
 - Level 4.0 Armour
 - Level 4.0 Dodging
 - Level 1.5 Stealth
 + Level 9.1 Invocations


You had 9 spell levels left.
You didn't know any spells.
Your spell library contained the following spells:

 Spells                   Type           Power      Damage    Failure   Level
 Apportation              Tloc           0%         N/A       99%         1
 Sandblast                Erth           0%         2d4       99%         1
 Shock                    Conj/Air       0%         1d3       99%         1
 Slow                     Hex            0%         N/A       99%         1
 Cigotuvi's Dreadful Rot  Necr/Pois/Air  0%         N/A       99%         2
 Ensorcelled Hibernation  Hex/Ice        0%         N/A       99%         2
 Passwall                 Tmut/Erth      0%         N/A       99%         2
 Confusing Touch          Hex            0%         N/A       100%        3
 Frozen Ramparts          Ice            0%         1d1       100%        3
 Stone Arrow              Conj/Erth      0%         3d7       100%        3
 Swiftness                Air            0%         N/A       100%        3
 Vampiric Draining        Necr           0%         2d6       100%        3
 Airstrike                Air            0%         2d(0-16)  100%        4
 Dispel Undead            Necr           0%         3d6       100%        4
 Ice Form                 Ice/Tmut       0%         N/A       100%        4
 Summon Ice Beast         Ice/Summ       0%         N/A       100%        4
 Summon Forest            Summ/Tloc      0%         N/A       100%        5
 Death Channel            Necr           0%         N/A       100%        6
 Malign Gateway           Summ/Tloc      0%         N/A       100%        7


Dungeon Overview and Level Annotations

Branches:
Dungeon (9/15)             Temple (1/1) D:6             Orc (0/2) D:9
 Bailey (visited)
   Lair: D:8-11

Altars:
Ashenzari
Cheibriados
Dithmenos
Elyvilon
Fedhas
Gozag
Hepliaklqana
Kikubaaqudgha
Makhleb
Nemelex Xobeh
Qazlal
Ru
Sif Muna
Trog
Uskayaw
Vehumet
Wu Jian
Xom
Yredelemnul
Zin
The Shining One

Shops:
D:1 (

Annotations:
D:8 5 runed translucent doors
D:9 1 transporter


Message History

You completely miss the shadow.
You feel sick. The shadow hits you!
The kobold brigand hits you but does no damage.
You hit the shadow but do no damage. You slash the kobold brigand!
You kill the kobold brigand!
You feel sick.
The shadow slips into darkness.
The shadow flickers and vanishes for a moment.
You hit the shadow but do no damage.
You feel sick. The shadow closely misses you.
You slash the shadow!
The shadow is severely damaged.
You hit the komodo dragon but do no damage.
The komodo dragon bites you! The shadow hits you!
You slash the shadow!
You destroy the shadow!
You hit the komodo dragon but do no damage.
You feel sick. The komodo dragon bites you.
Your Axes skill increases to level 17!
Your Invocations skill increases to level 9!
You are mildly poisoned (26 -> 26).
You are flying.
You are studying Ice Magic.
Your flying speed is average.
Your attack delay is about 0.8.
Your damage rating with your +1 vorpal battleaxe is about 29 (Base 15 x 122% (Str) x 142% (Skill) + 3 (Ench + Slay)) + Vorpal.
Your base attributes are Str 19, Int 10, Dex 13.
You barely miss the kobold.
You hit the komodo dragon but do no damage.
You feel sick. The kobold hits you but does no damage.
You barely miss the kobold. You hit the komodo dragon.
You feel sick. The komodo dragon bites you!
* * * LOW HITPOINT WARNING * * *
The kobold closely misses you.
You slash the kobold!
You kill the kobold!
You hit the komodo dragon.
You feel sick.
You are no longer poisoned.
The komodo dragon bites you but does no damage.
You slash the komodo dragon!
The komodo dragon is heavily wounded.
The komodo dragon bites you!!
You die...
Your body glows with a rainbow of weird colours and disappears. #..#: P.lPP .## #..#. z PP..P

..# #..# y# .PP...
#..# #..####e# .P..P.
#..# #..⌠..##.#
#.....####..#
#....©#...
............###..⌠..##
K.......l...#....####
........)@..#.##.#!!#
.....####)..#†##.#/.+
# )## #....†##.#.)# .#
# #.....##.##♣# .#.
#.>..[##..### ###
#.....###...####..
#.....# ###.......
#.....# ######..
(.##.## #.....#


You could see a komodo dragon.

Vanquished Creatures
  An orc knight (Bailey)
  A salamander (Bailey)
  3 shadows
  A steam dragon (D:7)
  3 wargs (D:9)
  An acid dragon (D:9)
  A water moccasin (D:6)
  11 orc warriors (Bailey)
  3 ice beasts
  3 ogres
  A centaur (D:6)
  3 kobold brigands
  A phantom (D:5)
  2 bullfrogs
  2 necrophages
  5 scorpions
  2 howler monkeys
  3 hounds
  2 jellies
  A gnoll bouda (D:4)
  4 orc priests
  An iguana (D:5)
  6 orc wizards
  Natasha (twice) (D:2)
  14 gnolls
  14 adders
  2 shadow imps
  A white imp (D:6)
  An ufetubus (D:5)
  A worm (D:2)
  3 dart slugs
  18 orcs
  9 bats
  8 endoplasms
  3 giant cockroaches
  10 hobgoblins
  2 jackals (D:1)
  26 kobolds
  5 quokkas
  8 ball pythons
  4 frilled lizards
  10 goblins
  6 rats
208 creatures vanquished.

Vanquished Creatures (collateral kills)
  5 wights (D:8)
5 creatures vanquished.

Vanquished Creatures (others)
  A shadow (D:9)
  3 plants (D:9)
4 creatures vanquished.

Grand Total: 217 creatures vanquished

Notes
Turn   | Place    | Note
-------+----------+-------------------------------------------
     0 | D:1      | Hubris850 the Hill Orc Monk began the quest for the Orb.
     0 | D:1      | Reached XP level 1. HP: 19/19 MP: 1/1
   297 | D:1      | Reached XP level 2. HP: 26/27 MP: 2/2
   642 | D:1      | Reached skill level 1 in Armour
   886 | D:1      | Found Satuavvo's Weapon Boutique.
  1143 | D:2      | Reached XP level 3. HP: 33/33 MP: 3/3
  1268 | D:2      | Noticed Natasha
  1285 | D:2      | Killed Natasha
  1523 | D:2      | Reached XP level 4. HP: 40/40 MP: 4/4
  1768 | D:2      | Reached skill level 5 in Axes
  1932 | D:2      | Noticed Natasha
  1939 | D:2      | Killed Natasha
  1988 | D:2      | Reached XP level 5. HP: 37/46 MP: 5/5
  3042 | D:3      | Found a shimmering blue altar of Sif Muna.
  3365 | D:3      | Reached XP level 6. HP: 37/52 MP: 6/6
  3672 | D:4      | Reached skill level 6 in Axes
  3693 | D:4      | Got the Volume of the Twisted Winter
  4063 | D:4      | Reached skill level 7 in Axes
  4063 | D:4      | Reached XP level 7. HP: 59/59 MP: 7/7
  4352 | D:5      | Entered Level 5 of the Dungeon
  4375 | D:4      | Reached skill level 8 in Axes
  4670 | D:5      | Reached skill level 9 in Axes
  4891 | D:1      | Bought a +1 vorpal battleaxe for 217 gold pieces
  5015 | D:5      | Reached XP level 8. HP: 61/66 MP: 8/8
  5041 | D:5      | Identified the +0 chain mail of Lotradi {rN+}
  5075 | D:5      | Reached skill level 10 in Axes
  5307 | D:5      | Reached skill level 11 in Axes
  5489 | D:5      | Reached skill level 12 in Axes
  5801 | D:5      | Found a hide-covered altar of Uskayaw.
  5894 | D:6      | Reached skill level 13 in Axes
  5894 | D:6      | Reached XP level 9. HP: 66/71 MP: 9/9
  6083 | D:6      | Found an ornate altar of the Wu Jian Council.
  6436 | D:6      | Found a staircase to the Ecumenical Temple.
  6565 | D:7      | Reached skill level 14 in Axes
  6886 | Temple   | Entered the Ecumenical Temple
  6987 | Temple   | Became a worshipper of Nemelex Xobeh the Trickster
  6987 | Temple   | Reached * piety under Nemelex Xobeh
  6987 | Temple   | Received a gift from Nemelex Xobeh
  6987 | Temple   | Reached ** piety under Nemelex Xobeh
  7142 | D:7      | Found a burning altar of Makhleb.
  7341 | D:8      | Identified 2 scrolls of acquirement
  7341 | D:8      | Acquired the +1 pair of gloves of Love and Death {Regen+
                  | Dex+2 Slay+2}
  7353 | D:8      | Acquired a manual of Ice Magic
  7381 | D:8      | Reached skill level 1 in Invocations
  7392 | D:8      | Reached skill level 15 in Axes
  7409 | D:8      | Found a blossoming altar of Fedhas.
  7486 | D:8      | Found the +9 staff of Olgreb {rPois∞}
  7487 | D:8      | Found a runed translucent gate.
  7487 | D:8      | Found a runed translucent gate.
  7488 | D:8      | Found a runed translucent door.
  7498 | D:8      | Found a runed translucent gate.
  7500 | D:8      | Found a runed translucent door.
  7575 | D:8      | Found a flagged portal.
  7584 | Bailey   | Entered a bailey
  7611 | Bailey   | Noticed an orc knight
  7612 | Bailey   | an orc knight changed into a salamander
  7612 | Bailey   | Noticed a salamander
  7619 | Bailey   | Killed a salamander
  7619 | Bailey   | Noticed an orc knight
  7633 | Bailey   | Killed an orc knight
  7634 | Bailey   | Reached XP level 10. HP: 26/78 MP: 14/14
  7716 | Bailey   | Reached skill level 16 in Axes
  8661 | D:9      | Found a transporter.
  8661 | D:9      | Noticed a deep elf pyromancer
  8663 | D:9      | Found a staircase to the Orcish Mines.
  8737 | D:9      | Reached skill level 17 in Axes
  8740 | D:9      | Slain by a komodo dragon

Illustrated notes

Levels and vault maps discovered:
D:1:      minmay_arrival_split_and_join, layout_basic, serial_shops,
          nicolae_shop_hallway_plus, minmay_cut_off
D:2:      mumra_celtic_spiral_tile, layout_loops_ring, uniq_natasha
D:3:      layout_rooms, led_sif_pool
D:4:      minmay_octagon_keep, layout_rooms, kennysheep_generic_room_8
D:5:      minmay_chambers_of_threes, layout_rooms, kennysheep_mini, st_stairs_12
D:6:      layout_cave_pools, mainiacjoe_overflow_concentric_impassable,
          minmay_temple_entry_from_below_b
D:7:      layout_cave_pools, nicolae_overflow_crystal_walls,
          corexii_leaking_fountain
D:8:      layout_cave_pods, lemuel_crystal_altar, enter_bailey_2,
          minmay_guarded_unrand_staff_of_olgreb
D:9:      gammafunk_the_bubble [the_bubble_gammafunk_grid], layout_basic,
          david_lair_shrubbed, minmay_orc_entry_guard_dogs,
          minmay_misc_feat_five
Temple:   minmay_temple_bridge_d

Skill      XL: |  1  2  3  4  5  6  7  8  9 10 |
---------------+-------------------------------+-----
Armour         | 1 2 3 4 |  4.0
Fighting       | 4 |  4.0
Dodging        | 3 4 |  4.0
Axes           | 5 7 9 13 15 17 | 17.0
Invocations    | 6 9 |  9.1
Stealth        | |  1.5

Action                   |  1- 3 |  4- 6 |  7- 9 | 10-12 || total
-------------------------+-------+-------+-------+-------++-------
Melee: Hand axe          |    51 |       |       |       ||    51
       Whip              |    45 |   230 |    64 |       ||   339
       Punch             |       |     3 |       |       ||     3
       Battleaxe         |       |       |   179 |   106 ||   285
Throw: Dart              |     2 |     4 |     1 |       ||     7
       Boomerang         |       |    11 |    56 |     1 ||    68
Invok: Draw Destruction  |       |       |     6 |       ||     6
  Use: Scroll            |       |       |    16 |     1 ||    17
       Potion            |       |       |     1 |       ||     1
 Stab: Sleeping          |     1 |       |       |       ||     1
Armor: Robe              |    12 |       |       |       ||    12
       Ring mail         |    18 |    73 |    23 |       ||   114
       Chain mail        |       |       |    98 |    37 ||   135
Dodge: Dodged            |    66 |   117 |   120 |    23 ||   326

Table legend: (Time is in decaauts)
 A = Elapsed time spent in this place.
 B = Non-inter-level travel time spent in this place.
 C = Inter-level travel time spent in this place.
 D = Time resting spent in this place.
 E = Time spent auto-exploring this place.
 F = Levels seen in this place.
 G = Mean time per level.
                   A        B        C        D        E       F      G
               +--------+--------+--------+--------+--------+-----+--------+
         Total |   8758 |   8383 |    375 |   1410 |   5057 |  11 |  796.2 |
       Dungeon |   8216 |   7937 |    279 |   1345 |   4992 |   9 |  912.9 |
        Temple |    173 |     77 |     96 |      0 |     65 |   1 |  173.0 |
        Bailey |    367 |    367 |      0 |     65 |      0 |   1 |  367.0 |
               +--------+--------+--------+--------+--------+-----+--------+

Top non-repeatable levels by time:
     D:2: 1388 daAuts
     D:5: 1249 daAuts
     D:4: 1198 daAuts
     D:1: 1149 daAuts
     D:8: 896 daAuts
     D:3: 861 daAuts
     D:6: 739 daAuts
     D:7: 558 daAuts
  Bailey: 367 daAuts
     D:9: 174 daAuts
  Temple: 173 daAuts
